 Dungeon Crawl Stone Soup version 0.26-b1-32-g5d43845318 (webtiles) character file.

Game seed: 6280733510300124284

131 tv1990 the Chopper (level 5, 0/42 HPs)
             Began as a Formicid Monk on Jan 13, 2021.
             Slain by an ogre
             ... wielding a +0 giant spiked club
              (10 damage)
             ... on level 5 of the Dungeon.
             The game lasted 00:05:11 (2843 turns).

tv1990 the Chopper (Formicid Monk)                  Turns: 2843, Time: 00:05:11

Health: 0/42       AC: 11    Str: 16    XL:     5   Next: 37%
Magic:  5/5        EV:  5    Int: 10    God:
Gold:   55         SH:  0    Dex: 13    Spells: 4/4 levels left

rFire    . . .     SeeInvis +   a - +0 hand axe
rCold    . . .     Faith    .   (no shield)
rNeg     . . .     Spirit   .   e - +0 plate armour
rPois    .         Reflect  .   (helmet unavailable)
rElec    .         Harm     .   (no cloak)
rCorr    .         Rampage  .   (no gloves)
Will     .....                  (no boots)
Stlth    ..........             (no amulet)
HPRegen  0.14/turn              (no ring)
MPRegen  0.09/turn              (no ring)

@: no status effects
A: permanent stasis, dig shafts and tunnels, four strong arms, antennae 3
a: Dig, Shaft Self


You were on level 5 of the Dungeon.
You visited 1 branch of the dungeon, and saw 4 of its levels.

You collected 55 gold pieces.

Inventory:

Hand Weapons
 a - a +0 hand axe (weapon)
Missiles
 l - 24 poisoned darts (quivered)
Armour
 b - a +0 robe
 e - a +0 plate armour (worn)
 h - a +0 pair of gloves
Jewellery
 i - a cursed amulet of inaccuracy {unknown}
 k - an uncursed ring of flight {unknown}
Scrolls
 d - 6 scrolls of identify
 f - a scroll of immolation {unknown}
 j - 3 scrolls of amnesia {unknown}
 n - a scroll of fear {unknown}
 o - a scroll of random uselessness {unknown}
Potions
 c - a potion of flight
 g - a potion of might {unknown}
 m - a potion of cancellation {unknown}


   Skills:
 + Level 4.2 Fighting
 * Level 4.5 Axes
 + Level 2.3 Armour
 - Level 2.6 Dodging
 - Level 2.4 Stealth


You had 4 spell levels left.
You didn't know any spells.
Your spell library was empty.

Dungeon Overview and Level Annotations

Branches:
Dungeon (3/15)

Altars:
Kikubaaqudgha

Shops:
D:5 (


Innate Abilities, Weirdness & Mutations

You cannot be hasted, slowed, berserked, paralysed or teleported.
You can dig through walls and to a lower floor.
Your four strong arms can wield two-handed weapons with a shield.
You have a pair of large antennae on your head. (SInv)


Message History

The centaur shoots an arrow.
The arrow hits you!
* * * LOW HITPOINT WARNING * * *
You see here 2 arrows.
The centaur shoots an arrow.
The arrow barely misses you.
You see here an arrow.
The centaur shoots an arrow.
The arrow barely misses you.
You see here an arrow.
The centaur shoots an arrow.
The arrow hits you.
* * * LOW HITPOINT WARNING * * *
The centaur shoots an arrow.
The arrow barely misses you.
You see here an arrow.
The ogre looks more healthy.
The centaur shoots an arrow.
The arrow hits you.
* * * LOW HITPOINT WARNING * * *
You see here an arrow.
As you read the scroll labelled KAONGI UHAFYE, it crumbles to dust.
It is a scroll of identify.
c - a potion of flight The centaur shoots an arrow.
The arrow barely misses you.
The ogre hits you with a +0 giant spiked club!
You die...

### ##...?.## . ...
#.......# .. #.###
#.....c.#
#5##...#######.......#
... #.....5((......##
#.##(#######(......#
#†(..# #(5.....#
####.# #.(O.!..# #.#
##(@...## #.# ##...##
#.### ###.# #...# .#
## ###.## # .# #..#
.## ##.# ..# #.# ..#
#.######


You could see an ogre, a centaur and a white imp.

Vanquished Creatures
  Jessica (D:3)
  3 gnolls (D:2)
  2 adders (D:2)
  An ooze (D:3)
  2 worms (D:2)
  A dart slug (D:2)
  A leopard gecko (D:2)
  2 bats
  A giant cockroach (D:2)
  7 goblins
  5 hobgoblins
  6 jackals
  3 kobolds
  2 quokkas (D:2)
  3 frilled lizards
  4 rats
44 creatures vanquished.

Notes
Turn   | Place    | Note
-------+----------+-------------------------------------------
     0 | D:1      | tv1990 the Formicid Monk began the quest for the Orb.
     0 | D:1      | Reached XP level 1. HP: 18/18 MP: 1/1
   471 | D:1      | Reached XP level 2. HP: 24/24 MP: 2/2
  1070 | D:2      | Reached skill level 1 in Armour
  1199 | D:2      | Reached XP level 3. HP: 29/29 MP: 3/3
  1579 | D:2      | Reached XP level 4. HP: 29/37 MP: 4/4
  2587 | D:3      | Reached XP level 5. HP: 41/42 MP: 5/5
  2599 | D:3      | Noticed Jessica
  2607 | D:3      | Killed Jessica
  2787 | D:3      | You fall into a shaft and drop 2 floors!
  2787 | D:5      | Entered Level 5 of the Dungeon
  2787 | D:5      | Found an ancient bone altar of Kikubaaqudgha.
  2794 | D:5      | Found Jemoth's Antique Weapon Shop.
  2819 | D:5      | Noticed an ogre
  2837 | D:5      | Noticed a centaur
  2843 | D:5      | Slain by an ogre

Skill      XL: |  1  2  3  4 |
---------------+-------------+-----
Armour         | 1 2 |  2.3
Axes           | 4 |  4.5
Fighting       | 4 |  4.2
Dodging        | |  2.6
Stealth        | |  2.4

Action                   |  1- 3 |  4- 6 || total
-------------------------+-------+-------++-------
Melee: Hand axe          |    80 |    94 ||   174
Throw: Dart              |       |    10 ||    10
 Abil: Dig               |     2 |     2 ||     4
  Use: Potion            |     1 |       ||     1
       Scroll            |       |     1 ||     1
Armor: Plate armour      |    41 |    62 ||   103
       Skin              |     5 |       ||     5
Dodge: Dodged            |    20 |    32 ||    52

Levels and vault maps discovered:
D:1:      lightli_molten_gateway, layout_basic
D:2:      layout_basic, minmay_misc_feat_iff
D:3:      layout_basic, chequers_ecumenical_altar_twisty, minmay_goblin_outpost,
          uniq_natasha, uniq_jessica
D:5:      layout_rooms, basic_altar, serial_shops, shop, shop_fountains, shop,
          shop_coins
